 Dungeon Crawl Stone Soup version 0.27.1-34-g3ba077fa99 (webtiles) character file.

Game seed: 10111236590959016867

1496 Cykl0x the Slasher (level 8, -1/48 HPs)
             Began as a Gargoyle Gladiator on Jan 19, 2022.
             Was a Believer of Zin.
             Killed by divine providence
             ... invoked by an orc priest
              (13 damage)
             ... on level 5 of the Dungeon.
             The game lasted 00:07:55 (5921 turns).

Cykl0x the Slasher (Gargoyle Gladiator)             Turns: 5921, Time: 00:07:55

Health: -1/48      AC: 14    Str: 19    XL:     8   Next: 81%
Magic:  11/11      EV: 10    Int: 16    God:    Zin [**....]
Gold:   180        SH:  0    Dex: 11    Spells: 5/8 levels left

rFire    . . .     SeeInvis .   a - +1 long sword
rCold    . . .     Faith    .   (no shield)
rNeg     + . .     Spirit   .   e - +0 scale mail
rPois    ∞         Reflect  .   c - +0 helmet
rElec    +         Harm     .   (no cloak)
rCorr    .         Rampage  .   (no gloves)
Will     .....                  (no boots)
Stlth    ..........             q - amulet of the acrobat
HPRegen  0.16/turn              h - +6 ring of intelligence
MPRegen  0.12/turn              (no ring)

@: no status effects
A: sickness immunity, AC +5, negative energy resistance 1, electricity
resistance, torment resistance 1, petrification resistance
a: Renounce Religion, Recite, Vitalisation, Donate Gold


You were on level 5 of the Dungeon.
You worshipped Zin.
Zin was pleased with you.
You visited 1 branch of the dungeon, and saw 5 of its levels.

You collected 199 gold pieces.
You donated 19 gold pieces to Zin.

Inventory:

Hand Weapons
 a - a +1 long sword (weapon)
Missiles
 d - a throwing net
 l - 115 stones
 n - 27 poisoned darts
 p - 4 silver javelins
Armour
 b - a +0 leather armour
 c - a +0 helmet (worn)
 e - a +0 scale mail (worn)
 s - a +0 ring mail
Jewellery
 h - a +6 ring of intelligence (left hand)
 q - an amulet of the acrobat (around neck)
Wands
 j - a wand of charming (3)
Scrolls
 g - 2 scrolls of fear
 k - 2 scrolls of enchant armour
 m - a scroll of immolation
 r - a scroll of fog
 t - 2 scrolls of enchant weapon
 y - a scroll of identify
 z - a scroll of torment {unknown}
Potions
 f - a potion of lignification
 i - a potion of brilliance
 o - 2 potions of heal wounds
 u - a potion of mutation {unknown}
 v - a potion of attraction {unknown}
 w - a potion of berserk rage {unknown}
 x - a potion of curing {unknown}


   Skills:
 + Level 3.9 Fighting
 + Level 6.0 Long Blades
 + Level 4.1 Throwing
 + Level 4.4 Armour
 + Level 3.5 Dodging
 * Level 0.6 Spellcasting
 * Level 1.2 Conjurations
 * Level 4.6 Invocations


You had 5 spell levels left.
You knew the following spells:

 Your Spells              Type           Power      Damage    Failure   Level
a - Magic Dart            Conj           16%        1d3       38%         1
b - Searing Ray           Conj           8%         3d3       54%         2

Your spell library contained the following spells:

 Spells                   Type           Power      Damage    Failure   Level
 Dazzling Flash           Conj/Hex       4%         N/A       85%         3
 Fulminant Prism          Conj/Hex       1%         3d6       99%         4
 Iskenderun's Mystic Bla  Conj/Tloc      2%         2d3       99%         4
 Starburst                Conj/Fire      1%         6d3       100%        6


Dungeon Overview and Level Annotations

Branches:
Dungeon (5/15)
 Temple: D:4-7

Altars:
Zin

Shops:
D:3 =


Innate Abilities, Weirdness & Mutations

You are immune to sickness and miasma.
Your stone body is resilient. (AC +5)
You are immune to poison.
You resist negative energy. (rN+)
You are resistant to electric shocks. (rElec)
You are resistant to unholy torment.
You are immune to petrification.


Message History

The orc priest is almost dead.
You closely miss the orc priest.
The orc priest is almost dead.
The orc priest hits you with a +0 hand axe.
You closely miss the orc priest.
The orc priest is almost dead.
The orc priest looks satisfied for a moment.
You hit the orc priest but do no damage.
The orc priest is almost dead.
The orc priest calls down the wrath of Beogh upon you.
Beogh smites you!
The ice beast hits you but does no damage.
You are too injured to fight recklessly!
You are too injured to fight recklessly!
You are too injured to fight recklessly!
You are too injured to fight recklessly!
You are too injured to fight recklessly!
You are too injured to fight recklessly!
You are too injured to fight recklessly!
You are too injured to fight recklessly!
You are too injured to fight recklessly!
You are too injured to fight recklessly!
You are too injured to fight recklessly!
You are too injured to fight recklessly!
You are too injured to fight recklessly!
You are too injured to fight recklessly!
You are too injured to fight recklessly!
You are too injured to fight recklessly!
You are too injured to fight recklessly!
You are too injured to fight recklessly!
Unknown command.
The orc priest calls down the wrath of Beogh upon you.
Beogh smites you!
* * * LOW HITPOINT WARNING * * *
You hit the ice beast.
The ice beast is lightly wounded.
The ice beast hits you but does no damage.
The orc priest mumbles some strange prayers to Beogh against you.
Beogh smites you!
You die...

#.#.##..###..#.###...
#.#.##....#..........
#.......###.######†..
#.#...............†#.
#.#########.########. #.# *,* ##
***########.# *,* #
*,,.........#########.#*******#
***,*########...@Y.......,,,,,,,,
*,,,,,,,,,**######o..)?..,,,**,,*
****,****,,,,,,,,*.####.#*,,**,,,
*,,*,*,,*,*,*,*,,*..,,*,**,,,,,**
*,**,**,*,*,,*,*,*###,*,,,,*,,,**
*,,,,,,,*,*,,,,,,,,,,,***,,,,*,,,
*********************** *********


You could see an ice beast and an orc priest.

Vanquished Creatures
  Sigmund (D:2)
  Eustachio (D:5)
  An orc warrior (D:3)
  2 ogres (D:5)
  A necrophage (D:5)
  A phantom (D:5)
  A bullfrog (D:5)
  2 scorpions (D:5)
  A killer bee (D:4)
  A centaur zombie (D:5)
  4 hounds
  A gnoll shaman (D:5)
  2 iguanas
  An orc wizard (D:3)
  A hound skeleton (D:4)
  10 gnolls
  8 adders
  A shadow imp (D:5)
  2 white imps (D:5)
  2 adder skeletons (D:4)
  3 worms
  A dart slug (D:3)
  11 orcs
  7 ball pythons
  10 endoplasms
  5 giant cockroaches
  3 goblins
  4 hobgoblins
  4 jackals
  A quokka (D:1)
  7 bats
  3 frilled lizards
  8 kobolds
  3 rats
114 creatures vanquished.

Notes
Turn   | Place    | Note
-------+----------+-------------------------------------------
     0 | D:1      | Cykl0x the Gargoyle Gladiator began the quest for the Orb.
     0 | D:1      | Reached XP level 1. HP: 12/12 MP: 1/1
   479 | D:1      | Reached XP level 2. HP: 17/17 MP: 2/2
   677 | D:1      | Reached skill level 3 in Long Blades
  1856 | D:2      | Reached XP level 3. HP: 21/21 MP: 3/3
  1859 | D:2      | Reached skill level 1 in Armour
  2108 | D:2      | Found a faded altar of an unknown god.
  2164 | D:2      | Found a glowing silver altar of Zin.
  2169 | D:2      | Became a worshipper of Zin the Law-Giver
  2170 | D:2      | Noticed Sigmund
  2219 | D:2      | Killed Sigmund
  2220 | D:2      | Reached skill level 4 in Long Blades
  2220 | D:2      | Reached skill level 1 in Invocations
  2220 | D:2      | Reached XP level 4. HP: 12/27 MP: 3/5
  2220 | D:2      | Reached XP level 5. HP: 14/31 MP: 3/6
  2685 | D:3      | Reached XP level 6. HP: 32/36 MP: 7/7
  2753 | D:3      | Found Seab's Jewellery Shop.
  2859 | D:3      | Noticed an orc warrior
  2877 | D:3      | Killed an orc warrior
  3274 | D:3      | Reached * piety under Zin
  3639 | D:4      | Reached XP level 7. HP: 27/40 MP: 8/8
  4468 | D:4      | Reached ** piety under Zin
  4589 | D:5      | Entered Level 5 of the Dungeon
  4600 | D:5      | Reached skill level 5 in Long Blades
  4730 | D:5      | Reached XP level 8. HP: 24/46 MP: 10/10
  4932 | D:5      | Noticed Eustachio
  4948 | D:5      | Killed Eustachio
  5545 | D:5      | Reached skill level 1 in Conjurations
  5558 | D:5      | Reached skill level 6 in Long Blades
  5586 | D:5      | Learned a level 1 spell: Magic Dart
  5589 | D:5      | Learned a level 2 spell: Searing Ray
  5921 | D:5      | Killed from afar by an orc priest

Illustrated notes

Levels and vault maps discovered:
D:1:      lemuel_arrival_rhombus, layout_basic
D:2:      layout_rooms, dreamdust_ecumenical_altar_statues, basic_altar,
          st_stairs_2, uniq_sigmund
D:3:      layout_basic, serial_shops, shop_statue
D:4:      layout_rooms, kennysheep_opposing_triangles
D:5:      minmay_thinvault, layout_basic, uniq_eustachio

Skill      XL: |  1  2  3  4  5  6  7  8 |
---------------+-------------------------+-----
Long Blades    | 3 4 5 6 |  6.0
Armour         | 2 3 4 |  4.4
Throwing       | 2 3 4 |  4.1
Dodging        | 3 |  3.5
Invocations    | 1 2 3 4 |  4.6
Fighting       | 3 |  3.9
Conjurations   | 1 |  1.2
Spellcasting   | |  0.6

Action                   |  1- 3 |  4- 6 |  7- 9 || total
-------------------------+-------+-------+-------++-------
Melee: Long sword        |    95 |    94 |   186 ||   375
Throw: Throwing net      |     4 |     2 |       ||     6
       Stone             |    17 |       |    20 ||    37
       Dart              |     3 |    54 |    22 ||    79
       Javelin           |       |       |    19 ||    19
 Cast: Magic Dart        |       |       |     5 ||     5
  Use: Scroll            |       |     8 |     6 ||    14
 Stab: Held in net/web   |       |     1 |       ||     1
Armor: Leather armour    |    55 |    20 |       ||    75
       Ring mail         |       |    21 |    72 ||    93
       Scale mail        |       |       |    39 ||    39
Dodge: Dodged            |    76 |    55 |   128 ||   259
       Rpst.: Long sword |    18 |    17 |    47 ||    82
